 Dungeon Crawl Stone Soup version 0.31-a0-948-gf5be29c462 (webtiles) character file.

Game seed: 18069793994705224177

194 BinkBink the Shield-Bearer (level 6, -5/48 HPs)
             Began as a Formicid Fighter on Oct 21, 2023.
             Was an Initiate of Okawaru.
             Slain by an orc
             ... wielding a +0 war axe
              (9 damage)
             ... on level 2 of the Dungeon.
             The game lasted 00:02:57 (1790 turns).

BinkBink the Shield-Bearer (Formicid Fighter)       Turns: 1790, Time: 00:02:57

Health: -5/48      AC:  8    Str: 18 (19) XL:     6   Next: 3%
Magic:  6/6        EV:  9    Int:  6 (7)  God:    Okawaru [......]
Gold:   79         SH:  5    Dex: 15      Spells: 5/5 levels left

rFire   . . .        a - +0 long sword
rCold   . . .        c - +0 buckler
rNeg    . . .        b - +0 scale mail
rPois   .            (helmet unavailable)
rElec   .            (no cloak)
rCorr   .            l - +0 pair of gloves
SInv    +            (no boots)
Will    .....        (no amulet) Stlth
                     (no ring)
HPRegen 0.28/turn    (no ring)
MPRegen 0.10/turn

%: no passive effects
@: no status effects
A: permanent stasis, dig shafts and tunnels, antennae 3, four strong arms,
deterioration 1, weak 1, wild magic 1, inability to drink after injury 1
a: Dig, Shaft Self, Renounce Religion


You were on level 2 of the Dungeon.
You worshipped Okawaru.
Okawaru was noncommittal.
You visited 1 branch of the dungeon, and saw 3 of its levels.

You collected 79 gold pieces.

Inventory:

Hand Weapons
 a - a +0 long sword (weapon)
Armour
 b - a +0 scale mail (worn)
 c - a +0 buckler (worn)
 l - a +0 pair of gloves (worn)
Jewellery
 i - a ring of willpower
Scrolls
 f - a scroll of immolation {unknown}
 g - a scroll of identify {unknown}
 k - a scroll of poison {unknown}
 m - a scroll of brand weapon {unknown}
 n - a scroll of enchant weapon {unknown}
Potions
 d - a potion of degeneration {unknown}
 e - 2 potions of curing


   Skills:
 + Level 4.0 Fighting
 * Level 3.7 Long Blades
 + Level 4.1 Armour
 + Level 1.5 Dodging
 + Level 5.0 Shields


You had 5 spell levels left.
You didn't know any spells.
Your spell library was empty.

Dungeon Overview and Level Annotations

Branches:
Dungeon (3/15)

Altars:
Okawaru


Innate Abilities, Weirdness & Mutations

You cannot be hasted, slowed, berserked, paralysed or teleported.
You can dig through walls and to a lower floor.
You have a pair of large antennae on your head. (SInv)
Your four strong arms can wield two-handed weapons with a shield.
Your body sometimes deteriorates upon taking damage.
You are weak. (Str -2)
Your spells are a little harder to cast, but a little more powerful.
You occasionally lose the ability to drink potions when taking damage.


Message History

The orc wizard is severely wounded.
You feel less confused. The orc wizard barely misses you.
The orc hits you with a +0 war axe.
* * * LOW HITPOINT WARNING * * *
The orc wizard mumbles some strange words.
The orc wizard flickers and vanishes for a moment.
You hit the orc wizard.
The orc wizard is almost dead.
The orc barely misses you. The orc wizard barely misses you.
You block the orc's attack.
You hit the orc wizard but do no damage.
The orc wizard is almost dead.
The orc wizard hits you with a +0 dagger.
* * * LOW HITPOINT WARNING * * *
The orc closely misses you.
You slash the orc wizard!
You kill the orc wizard!
Okawaru accepts your kill. The orc hits you but does no damage.
Your Fighting skill increases to level 4!
Your Shields skill increases to level 5!
You have reached level 6!
You completely miss the orc. The orc hits you with a +0 war axe.
* * * LOW HITPOINT WARNING * * *
Your body deteriorates!
You feel dopey.
You hit the orc.
The orc is severely wounded.
The orc hits you with a +0 war axe.
* * * LOW HITPOINT WARNING * * *
The orc closely misses you.
You barely miss the orc.
The orc is severely wounded.
You block the orc's attack.
You closely miss the orc.
The orc is severely wounded.
The orc hits you but does no damage.
You closely miss the orc.
The orc is severely wounded.
The orc hits you with a +0 war axe!
You die...

#############
#####...........##
#.....######...... #.#####
#.##.## #.# #.##.# ### #.#
#.##.# #.## #.# ##.##.##
...######### #o# #####...#...
...........#
#@#####..........#
..<#######.#
#)##..........#.#. #.## #.#
#.##.......#.#.### ### #.#
##.##............#. #.#
#...........#.###.#
######)####...........#.####.
#..........................>#
#.####....#...........####.##
#.# ####.#...........###...#


You could see an orc.

Vanquished Creatures
  Natasha (thrice) (D:2)
  2 orc wizards (D:2)
  3 adders (D:2)
  A dart slug (D:1)
  2 bats
  3 endoplasms
  2 giant cockroaches (D:1)
  5 goblins
  5 hobgoblins
  2 jackals (D:2)
  7 kobolds
  A quokka (D:2)
  A ball python (D:2)
  2 frilled lizards (D:2)
  3 rats
42 creatures vanquished.

Notes
Turn   | Place    | Note
-------+----------+-------------------------------------------
     0 | D:1      | BinkBink the Formicid Fighter began the quest for the Orb.
     0 | D:1      | Reached XP level 1. HP: 18/18 MP: 1/1
   188 | D:1      | Reached XP level 2. HP: 24/24 MP: 2/2
   557 | D:1      | Reached XP level 3. HP: 29/29 MP: 3/3
   702 | D:2      | Found an iron altar of Okawaru.
   708 | D:2      | Became a worshipper of Warmaster Okawaru
   809 | D:2      | Noticed Natasha
   815 | D:2      | Killed Natasha
   816 | D:2      | Reached XP level 4. HP: 34/36 MP: 4/4
   837 | D:2      | Noticed Natasha
   855 | D:2      | Killed Natasha
   856 | D:2      | Reached skill level 1 in Dodging
   987 | D:2      | Noticed Natasha
   997 | D:2      | Killed Natasha
   998 | D:2      | Reached XP level 5. HP: 35/42 MP: 5/5
  1147 | D:2      | Gained mutation: You are weak. (Str -2) [potion of
                  | mutation]
  1147 | D:2      | Gained mutation: You occasionally lose the ability to drink
                  | potions when taking damage. [potion of mutation]
  1147 | D:2      | Gained mutation: Your body sometimes deteriorates upon
                  | taking damage. [potion of mutation]
  1147 | D:2      | Gained mutation: Your spells are a little harder to cast,
                  | but a little more powerful. [potion of mutation]
  1418 | D:2      | Found a faded altar of an unknown god.
  1786 | D:2      | Reached skill level 5 in Shields
  1786 | D:2      | Reached XP level 6. HP: 9/48 MP: 6/6
  1790 | D:2      | Slain by an orc

Illustrated notes

Levels and vault maps discovered:
D:1:      tarquinn_simple_flora_water_d, layout_basic, serial_bayou,
          serial_bayou_crossing, serial_bayou_pond_c, serial_bayou_lagoon_b,
          serial_bayou_pond_a
D:2:      layout_loops_ring, hellmonk_ecumenical_altar_inner_sanctum,
          basic_altar, hex_tiny, minmay_pentomino_z2, uniq_natasha
D:3:      cheibrodos_pilgrimage, layout_basic

Skill      XL: |  1  2  3  4  5 |
---------------+----------------+-----
Long Blades    | 3 |  3.7
Dodging        | 1 |  1.5
Armour         | 4 |  4.1
Fighting       | 4 |  4.0
Shields        | 5 |  5.0

Action                     |  1- 3 |  4- 6 || total
---------------------------+-------+-------++-------
  Melee: Long sword        |    69 |    75 ||   144
    Use: Potion            |       |     5 ||     5
 Armour: Scale mail        |    54 |    76 ||   130
  Dodge: Dodged            |    34 |    55 ||    89
  Block: Buckler           |    15 |    14 ||    29

Table legend: (Time is in decaauts)
 A = Elapsed time spent in this place.
 B = Non-inter-level travel time spent in this place.
 C = Inter-level travel time spent in this place.
 D = Time resting spent in this place.
 E = Time spent auto-exploring this place.
 F = Levels seen in this place.
 G = Mean time per level.
                   A        B        C        D        E       F      G
               +--------+--------+--------+--------+--------+-----+--------+
         Total |   1873 |   1829 |     44 |    221 |   1241 |   3 |  624.3 |
       Dungeon |   1873 |   1829 |     44 |    221 |   1241 |   3 |  624.3 |
               +--------+--------+--------+--------+--------+-----+--------+

Top non-repeatable levels by time:
     D:2: 1103 daAuts
     D:1: 758 daAuts
     D:3: 12 daAuts
